[Event "*** SCC Grand Prix: Titled Tuesday Blitz"]
[Site "Chess.com"]
[Date "2020.07.14"]
[Round "4"]
[White "Irishchessman16"]
[Black "DonBroca"]
[Result "1-0"]
[WhiteElo "2389"]
[BlackElo "2132"]
[TimeControl "180+1"]
[EndTime "10:38:43 PDT"]
[Termination "Irishchessman16 won on time"]

1. e4 c5 2. Nf3 d6 3. d4 cxd4 4.
Nxd4 Nf6 5. Nc3 g6 6. Be3 Bg7 7. Be2 O-O 8. O-O Nc6 9. Nb3 Bd7 10. Kh1 Rc8 11. f4 Be6 12. Bf3 a6 13. Rf2 Nb4 14.
Rd2 Nd7 15. Bd4 f6 16. a3 Nc6 17. Be3 Bf7 18. Qg1 Qe8 19. Rad1 Nd8 20. Na5 b6 21. Nb3 Nc5 22. Nd4 Nc6 23. Nxc6 Rxc6 24. e5 1-0

[Event "*** SCC Grand Prix: Titled Tuesday Blitz"]
[Site "Chess.com"]
[Date "2020.07.14"]
[Round "4"]
[White "Mfcyryd"]
[Black "vladislavkovalev"]
[Result "1-0"]
[WhiteElo "2552"]
[BlackElo "2896"]
[TimeControl "180+1"]
[EndTime "10:38:44 PDT"]
[Termination "Mfcyryd won by checkmate"]

1. e4 e5 2. Nf3 Nc6 3. d4 exd4 4.
Nxd4 Nf6 5. Nc3 Bc5 6. Nxc6 bxc6 7.
Bd3 O-O 8. O-O Re8 9. h3 d6 10. Kh1 Bd4 11. Ne2 Bb6 12. Ng3 d5 13. Qf3 h6 14. Bd2 Be6 15. Rae1 Nh7 16. Nf5 Ng5 17.
Qg4 Bxf5 18. exf5 Rxe1 19. Rxe1 Bxf2 20. Rf1 Bc5 21. f6 Qc8 22. Rf5 g6 23. Bxg5 hxg5 24.
Qxg5 Qe6 25. Re5 Qd6 26. h4 Bd4 27. Bxg6 Bxe5 28. Bh7+ Kf8 29. Qg8# 1-0

[Event "*** SCC Grand Prix: Titled Tuesday Blitz"]
[Site "Chess.com"]
[Date "2020.07.14"]
[Round "4"]
[White "sewin16"]
[Black "mirochka"]
[Result "1-0"]
[WhiteElo "2396"]
[BlackElo "2155"]
[TimeControl "180+1"]
[EndTime "10:38:44 PDT"]
[Termination "sewin16 won on time"]

1. e4 c5 2. Nf3 Nc6 3. Bb5 g6 4. O-O Bg7 5. Bxc6 dxc6 6. h3 Nf6 7. d3 O-O 8. Qe2 h6 9. Re1 Be6 10. a3 Qb6 11. Nbd2 Rad8 12. Nc4 Bxc4 13. dxc4 Nh5 14.
e5 g5 15. Nxg5 hxg5 16. Qxh5 Rd4 17. Bxg5 Qxb2 18. Bxe7 Re8 19. Bf6 Qxc2 20. Bxg7 Kxg7 21.
Re3 Re6 22. Rg3+ Rg6 23. Rxg6+ Qxg6 24. Qe2 Qe6 25. Rc1 b6 26. Rc3 Kf8 27. Rf3 Qxc4 28. Qe3 Qd5 29. e6 f5 30. Qg5 Rd1+ 31. Kh2 Qe5+ 32.
g3 Qxe6 33. Rxf5+ Ke8 34. Re5 1-0

[Event "*** SCC Grand Prix: Titled Tuesday Blitz"]
[Site "Chess.com"]
[Date "2020.07.14"]
[Round "4"]
[White "platy3"]
[Black "WildTricks"]
[Result "1-0"]
[WhiteElo "2765"]
[BlackElo "2508"]
[TimeControl "180+1"]
[EndTime "10:38:46 PDT"]
[Termination "platy3 won by checkmate"]

1. e4 c5 2. Nf3 d6 3. c3 Nf6 4. h3 Nc6 5. Bd3 d5 6. e5 Nd7 7. Bb5 Qb6 8. Bxc6 Qxc6 9. d3 e6 10. O-O h6 11. Re1 Be7 12. Nbd2 b6 13. Nf1 Bb7 14.
Ng3 Nf8 15. Nh5 Rg8 16. d4 O-O-O 17. a4 Nh7 18. a5 b5 19. dxc5 Bxc5 20. b4 Be7 21.
Nd4 Qa6 22. Qd3 g6 23. Ng3 Bc6 24. Be3 Kb7 25. Nge2 Bg5 26. Nb3 Be7 27. Bc5 Bg5 28. f4 Bh4 29. g3 g5 30. gxh4 gxf4+ 31. Kh2 d4 32. Nxf4 dxc3 33. Qxh7 Ka8 34. Rg1 Qc8 35. Qxf7 Rgf8 36. Qxa7# 1-0

[Event "*** SCC Grand Prix: Titled Tuesday Blitz"]
[Site "Chess.com"]
[Date "2020.07.14"]
[Round "4"]
[White "Stormeman100100"]
[Black "Ty3oB"]
[Result "0-1"]
[WhiteElo "2438"]
[BlackElo "2199"]
[TimeControl "180+1"]
[EndTime "10:38:47 PDT"]
[Termination "Ty3oB won by resignation"]

1. e4 e5 2. Nf3 Nf6 3. Nc3 d6 4. g3 Be7 5. Bg2 O-O 6. O-O Re8 7. d4 exd4 8. Nxd4 c6 9. Re1 a5 10. b3 Na6 11. Bb2 Qb6 12. Nf5 Bxf5 13. exf5 d5 14. Qf3 Nb4 15. Re2 Bd6 16. a3 Na6 17. Rae1 Rxe2 18.
Qxe2 Nc5 19. g4 h6 20. h4 Re8 21. Qxe8+ Nxe8 22. Rxe8+ Kh7 23. Ne2 a4 24. b4 Ne4 25.
Bxe4 dxe4 26. Rxe4 Qd8 27. f6 gxf6 28. Nd4 Be5 29.
f4 Qd5 30. fxe5 Qxe4 31. exf6 Qxg4+ 32. Kf1 Qf4+ 33. Ke2 Qxf6 34. c4 Qxh4 35. Kd3 Qg3+ 36. Kc2 Qg2+ 37. Kc3 h5 38. c5 h4 39. Ba1 h3 40.
Nf3 Qxf3+ 0-1

[Event "*** SCC Grand Prix: Titled Tuesday Blitz"]
[Site "Chess.com"]
[Date "2020.07.14"]
[Round "4"]
[White "Aygehovit1992"]
[Black "ZverevLev"]
[Result "0-1"]
[WhiteElo "2625"]
[BlackElo "2352"]
[TimeControl "180+1"]
[EndTime "10:38:47 PDT"]
[Termination "ZverevLev won on time"]

1. e4 e5 2. Nf3 Nc6 3. Bb5 a6 4. Ba4 Nf6 5. d3 Bc5 6. Bg5 b5 7. Bb3 d6 8. c3 Bb6 9. Nbd2 h6 10.
Bh4 g5 11. Bg3 Rg8 12. Nf1 h5 13. h4 g4 14. Ng5 Rg7 15. Ne3 Na5 16. d4 Nxb3 17.
axb3 Qe7 18. dxe5 dxe5 19. Nd5 Nxd5 20. Qxd5 Rb8 21. O-O-O Bb7 22. Qxe5 f6 23. Qe6 fxg5 24. Qh6 Rh7 25. Qg6+ Qf7 26. Qxg5 Rg7 27. Qe5+ Kf8 28. Rhe1 Re8 29. Qf4 Qxf4+ 30. Bxf4 Rf7 31. Bg3 Bxf2 32. Bxf2 Rxf2 33. Rd7 Rxe4 34. Red1 Ree2 0-1

[Event "*** SCC Grand Prix: Titled Tuesday Blitz"]
[Site "Chess.com"]
[Date "2020.07.14"]
[Round "4"]
[White "ailime26"]
[Black "llamalord42"]
[Result "0-1"]
[WhiteElo "1870"]
[BlackElo "2348"]
[TimeControl "180+1"]
[EndTime "10:38:47 PDT"]
[Termination "llamalord42 won by resignation"]

1. e4 c6 2. d4 d5 3. exd5 cxd5 4. Bd3 Nc6 5. c3 Qc7 6. Be3 Nf6 7. Nd2 e5 8. dxe5 Nxe5 9. Bb5+ Bd7 10. Bxd7+ Qxd7 11. Qe2 Bd6 12. Ngf3 O-O 13. O-O Rfe8 14. h3 Ng6 15.
Qd3 Ne4 16. Rad1 Qf5 17. Nd4 Qh5 18. c4 Ne5 19. Qc3 Nxd2 20. Bxd2 Nxc4 21. Nf3 Ne5 22. Nxe5 Bxe5 23. Qd3 Rad8 24. Bc3 Bxc3 25. Qxc3 Re4 26.
Qd3 Qe2 27. Qb5 Qxb5 28. Rfe1 Rxe1+ 29. Rxe1 d4 30. f3 Qxb2 0-1

[Event "*** SCC Grand Prix: Titled Tuesday Blitz"]
[Site "Chess.com"]
[Date "2020.07.14"]
[Round "4"]
[White "NefeLV"]
[Black "winniethepooh04"]
[Result "0-1"]
[WhiteElo "1825"]
[BlackElo "2179"]
[TimeControl "180+1"]
[EndTime "10:38:47 PDT"]
[Termination "winniethepooh04 won by resignation"]

1. c4 Nf6 2. d4 g6 3. Nc3 Bg7 4. e4 d6 5. Be3 O-O 6. Qd2 Nbd7 7.
f3 c5 8. d5 a6 9. Bh6 Rb8 10.
h4 Ne5 11. g4 e6 12. h5 exd5 13.
hxg6 fxg6 14. Bxg7 Kxg7 15. Qh6+ Kg8 16. g5 Nh5 17.
Nxd5 Nf7 18. Nf6+ Qxf6 19. Qxh5 Nxg5 20. Qh4 Qxb2 21. Qxg5 Qxa1+ 22. Kf2 Qd4+ 23. Kg2 Be6 24. Ne2 Qf6 25. Qg3 Bxc4 26. Qh3 Rf7 27. a3 Rbf8 28.
f4 Bxe2 29. Bxe2 Qxf4 30. Rf1 Qg5+ 31. Kh2 Rxf1 32. Bxf1 Rf2+ 33. Kh1 Qf4 34. Bc4+ Kg7 35. Qd7+ Kh6 36. Qh3+ Kg5 37. a4 Qc1+ 38. Bf1 Rxf1+ 0-1

[Event "*** SCC Grand Prix: Titled Tuesday Blitz"]
[Site "Chess.com"]
[Date "2020.07.14"]
[Round "4"]
[White "Chernobay_Artem"]
[Black "ace_mar"]
[Result "1-0"]
[WhiteElo "2626"]
[BlackElo "2448"]
[TimeControl "180+1"]
[EndTime "10:38:49 PDT"]
[Termination "Chernobay_Artem won by resignation"]

1. d4 Nf6 2. c4 e6 3. Nf3 d5 4. g3 dxc4 5. Bg2 a6 6. O-O Nc6 7. b3 cxb3 8. axb3 Bd7 9. Bg5 Be7 10. Nc3 h6 11. Bxf6 Bxf6 12. Ne4 Be7 13. Rc1 O-O 14. Nc5 Bxc5 15. Rxc5 Qe7 16. Qc1 Qd6 17. Rd1 Rfc8 18. d5 Nd8 19. dxe6 Qxe6 20. Rxc7 Bc6 21. Nd4 Qe5 22.
Rxc8 Rxc8 23. Nxc6 Nxc6 24. e3 Qe6 25. Bd5 Qe7 26.
h4 Rd8 27. Qc4 Ne5 28. Qe4 b5 29. f4 Ng6 30. Qxe7 1-0

[Event "*** SCC Grand Prix: Titled Tuesday Blitz"]
[Site "Chess.com"]
[Date "2020.07.14"]
[Round "4"]
[White "secretsuperstar7"]
[Black "mamey78"]
[Result "0-1"]
[WhiteElo "2113"]
[BlackElo "2413"]
[TimeControl "180+1"]
[EndTime "10:38:49 PDT"]
[Termination "mamey78 won by resignation"]

1. d4 d5 2. c4 c6 3. cxd5 cxd5 4. Bf4 Nc6 5. e3 Nf6 6. Nc3 a6 7. Nf3 Bg4 8. Bd3 Bxf3 9. Qxf3 e6 10. O-O Bd6 11. Bg5 Be7 12. a3 O-O 13. Rfe1 Rc8 14. Rac1 b5 15. b4 Nd7 16. Bxe7 Qxe7 17.
Ne2 Rc7 18. Rc2 Rfc8 19. Rec1 Nb6 20. e4 g6 21. h3 Qg5 22. a4 Nxa4 23. exd5 exd5 24.
h4 Qxh4 25. Qxd5 Nxb4 26. Qb3 Nxc2 27. Rxc2 Rxc2 28. Bxc2 Qe7 29. Nf4 Qe1+ 30. Kh2 Qd2 31. Qe3 Qxe3 32. fxe3 Rxc2 33. d5 Rd2 34. e4 b4 35. Kg3 b3 36. e5 b2 37. d6 b1=Q 0-1

[Event "*** SCC Grand Prix: Titled Tuesday Blitz"]
[Site "Chess.com"]
[Date "2020.07.14"]
[Round "4"]
[White "Chuchofrio1"]
[Black "ChessArchitect64"]
[Result "1-0"]
[WhiteElo "2177"]
[BlackElo "1862"]
[TimeControl "180+1"]
[EndTime "10:38:49 PDT"]
[Termination "Chuchofrio1 won by checkmate"]

1. d4 Nf6 2. c4 g6 3. Nc3 Bg7 4. e4 d6 5. h3 O-O 6. Be3 e5 7.
d5 a5 8. g4 Na6 9. Nge2 c6 10. Ng3 cxd5 11. cxd5 Nc5 12. Qd2 Bd7 13. Rc1 Rc8 14. g5 Ne8 15. h4 f5 16. gxf6 Nxf6 17.
f3 Rf7 18. Bb5 Qf8 19. Qe2 Nh5 20. Nxh5 gxh5 21. Bxd7 Nxd7 22. Rh3 Kh8 23. Kd2 Bh6 24. Rg1 Bf4 25. Bxf4 Rxf4 26. Rhg3 Qf6 27. Qb5 Nc5 28.
Qe2 Rf8 29. Qg2 Rxf3 30. Rg8+ Rxg8 31. Qxg8# 1-0

[Event "*** SCC Grand Prix: Titled Tuesday Blitz"]
[Site "Chess.com"]
[Date "2020.07.14"]
[Round "4"]
[White "Jungle_Jaguar"]
[Black "OparinGrigoriy"]
[Result "0-1"]
[WhiteElo "2671"]
[BlackElo "2924"]
[TimeControl "180+1"]
[EndTime "10:38:51 PDT"]
[Termination "OparinGrigoriy won on time"]

1. e4 e5 2. Nf3 Nc6 3. Bb5 f5 4. d3 fxe4 5. dxe4 Nf6 6. O-O d6 7. Nc3 Be7 8. h3 O-O 9. Bc4+ Kh8 10. Ng5 Qe8 11. Nb5 Bd8 12. Nc3 Qg6 13. Kh1 Nd4 14.
Nf3 Nxe4 15. Nxe4 Nxf3 16. gxf3 Bxh3 17. Rg1 Qh5 18. Rg3 Be6+ 19. Kg2 Bxc4 20. Bg5 Bxg5 21. Nxg5 h6 22. Ne4 Rf4 23. b3 Be6 24. c4 Raf8 25.
Nd2 Rh4 26. Qg1 Rd4 27. Ne4 Bf5 28. Re1 Bxe4 29. Rxe4 Rxe4 30. fxe4 Rf4 31. Qe1 Qh4 32. f3 Qh5 33. Qg1 b6 34. Kf2 Qf7 35. Qg2 a5 36.
Ke3 Rh4 37. Ke2 Kh7 0-1

[Event "*** SCC Grand Prix: Titled Tuesday Blitz"]
[Site "Chess.com"]
[Date "2020.07.14"]
[Round "4"]
[White "AldokhinIvan"]
[Black "Khazieva_Elza"]
[Result "1-0"]
[WhiteElo "2573"]
[BlackElo "2329"]
[TimeControl "180+1"]
[EndTime "10:38:51 PDT"]
[Termination "AldokhinIvan won by checkmate"]

1. e4 c5 2. Nf3 d6 3. d4 cxd4 4. Nxd4 Nf6 5. Nc3 Nc6 6. Nde2 g6 7. h3 h5 8. g3 Bg7 9. Bg2 a6 10. Bg5 Ne5 11. O-O O-O 12. b3 Bd7 13. f4 Nc6 14. Qd2 Rc8 15. Rad1 Qb6+ 16. Kh2 Nh7 17. Nd5 Qd8 18.
Bh4 Be6 19. c4 f6 20. f5 gxf5 21. exf5 Bf7 22. Nef4 Ne5 23. Qe2 b5 24. cxb5 axb5 25. Ne6 Bxe6 26. fxe6 Qe8 27. Be4 Ng5 28. Bxg5 fxg5 29.
Rxf8+ Bxf8 30. Bb1 Kg7 31. Rf1 Rc5 32. Ne3 Qc8 33.
Qxh5 Qxe6 34. Qh7# 1-0

[Event "*** SCC Grand Prix: Titled Tuesday Blitz"]
[Site "Chess.com"]
[Date "2020.07.14"]
[Round "4"]
[White "Ariadna_Atreides"]
[Black "OnePeculiarConundrum"]
[Result "0-1"]
[WhiteElo "2088"]
[BlackElo "2362"]
[TimeControl "180+1"]
[EndTime "10:38:52 PDT"]
[Termination "OnePeculiarConundrum won on time"]

1. d4 Nf6 2. Nf3 c5 3. e3 g6 4. Bd3 Bg7 5. O-O O-O 6. dxc5 Qc7 7. a3 Qxc5 8. b4 Qc7 9. Bb2 d6 10. Nc3 a6 11. Rb1 Nc6 12. Ne4 Nxe4 13. Bxe4 Be6 14.
Bxg7 Kxg7 15. Nd4 Nxd4 16. Qxd4+ f6 17. c4 Rac8 18. Bd5 Bg8 19. Bxg8 Rxg8 20. Rbc1 Rgd8 21. Qb2 Qd7 22. h3 Rc7 23. Rc3 Rdc8 24. Rfc1 Rc6 25. Qc2 Qc7 26. Qe4 Qd8 27. Qe6 R8c7 28. a4 Qc8 29.
Qxc8 Rxc8 30. b5 axb5 31. axb5 Rc5 32. Kf1 b6 33. Ke2 d5 34. Kd3 dxc4+ 35. Rxc4 Rd8+ 36. Ke2 Rxb5 37. Rc7 Kf7 38. Rb7 Rb2+ 39. Ke1 Ra8 40. g3 Raa2 0-1

[Event "*** SCC Grand Prix: Titled Tuesday Blitz"]
[Site "Chess.com"]
[Date "2020.07.14"]
[Round "4"]
[White "Houdinovic"]
[Black "MIlorenzana271"]
[Result "0-1"]
[WhiteElo "2585"]
[BlackElo "2399"]
[TimeControl "180+1"]
[EndTime "10:38:54 PDT"]
[Termination "MIlorenzana271 won by resignation"]

1. e4 c5 2. Nf3 e6 3. d4 cxd4 4. Nxd4 a6 5. Bd3 Bc5 6. Nb3 Be7 7. Be3 d6 8. N1d2 Nd7 9. f4 Ngf6 10. Qe2 Qc7 11. c3 b6 12. g4 g6 13. g5 Nh5 14. Nf1 Bb7 15. Ng3 Ng7 16. O-O-O a5 17. Nd4 Rc8 18. Kb1 O-O 19. h4 e5 20. Nf3 exf4 21.
Bxf4 Ne6 22. Bc1 Ne5 23. Bc2 Qc4 24. Qg2 a4 25. a3 Rfd8 26. h5 Nxf3 27. Qxf3 d5 28.
hxg6 fxg6 29. Rxh7 Rf8 30. Qh1 Rf2 31. Rh8+ Kf7 32. Rxc8 Qxc8 33. exd5 Ng7 34. Ne4 Rxc2 35. Kxc2 Qc4 36. Qf1+ Qxf1 37. Rxf1+ Nf5 38. c4 b5 39. Kc3 bxc4 40. Kxc4 Ba6+ 0-1

[Event "*** SCC Grand Prix: Titled Tuesday Blitz"]
[Site "Chess.com"]
[Date "2020.07.14"]
[Round "4"]
[White "politeplayer"]
[Black "CrushingKings"]
[Result "0-1"]
[WhiteElo "2213"]
[BlackElo "2559"]
[TimeControl "180+1"]
[EndTime "10:38:54 PDT"]
[Termination "CrushingKings won on time"]

1. e4 c5 2. d4 cxd4 3. c3 Nf6 4. e5 Nd5 5. Nf3 Nc6 6. Bc4 Nb6 7. Bb3 g6 8. h4 Bg7 9. h5 Nxe5 10. Nxe5 Bxe5 11. hxg6 hxg6 12. Rxh8+ Bxh8 13. Qf3 d5 14. cxd4 Bxd4 15. Nc3 Be6 16. Nb5 Be5 17. Qe3 Bf6 18. Bd2 Nc4 19. Bxc4 dxc4 20. Rd1 Kf8 21. Bb4 Qb6 0-1

[Event "*** SCC Grand Prix: Titled Tuesday Blitz"]
[Site "Chess.com"]
[Date "2020.07.14"]
[Round "4"]
[White "pedro_gines"]
[Black "DinaBelenkaya"]
[Result "0-1"]
[WhiteElo "2419"]
[BlackElo "2282"]
[TimeControl "180+1"]
[EndTime "10:38:55 PDT"]
[Termination "DinaBelenkaya won on time"]

1. d4 Nf6 2. c4 e6 3. Nf3 Bb4+ 4. Nbd2 b6 5. e3 Bb7 6. a3 Bxd2+ 7. Qxd2 d6 8. Be2 Nbd7 9. O-O Ne4 10. Qd3 O-O 11.
b4 f5 12. Bb2 g5 13. Nd2 Qe8 14. c5 Ndf6 15. f3 Nxd2 16. Qxd2 g4 17. Rac1 h5 18.
cxd6 cxd6 19. Rc7 Rf7 20. Rfc1 gxf3 21. gxf3 Kh7 22. Kh1 Bd5 23. a4 Qg8 24. Rxf7+ Qxf7 25. b5 Rg8 26. Rg1 Ng4 27. Qe1 Nxe3 28. Qf2 Ng4 29. Qh4 f4 30. Bd3+ Kh6 0-1

[Event "*** SCC Grand Prix: Titled Tuesday Blitz"]
[Site "Chess.com"]
[Date "2020.07.14"]
[Round "4"]
[White "sergoy"]
[Black "Mikhal867"]
[Result "1-0"]
[WhiteElo "2810"]
[BlackElo "2402"]
[TimeControl "180+1"]
[EndTime "10:38:56 PDT"]
[Termination "sergoy won on time"]

1. d4 g6 2. e4 Bg7 3. Nc3 d6 4. Nf3 Nd7 5. Be3 a6 6. Qd2 b5 7. h4 h6 8. a4 b4 9. Nd5 Ngf6 10. Nxb4 Nxe4 11. Qd1 c5 12. dxc5 Ndxc5 13. c3 O-O 14.
Be2 a5 15. Nd3 Nxd3+ 16. Bxd3 Nc5 17. Bc2 Bg4 18. O-O Rb8 19. Rb1 e6 20. b4 Na6 21.
b5 Nc5 22. Bd4 Bxf3 23. Qxf3 Qxh4 24. Rfd1 Rfc8 25. Bxg7 Kxg7 26. Rxd6 Nxa4 27. Rd4 Qxd4 28. cxd4 Rxc2 29. Qb3 1-0

[Event "*** SCC Grand Prix: Titled Tuesday Blitz"]
[Site "Chess.com"]
[Date "2020.07.14"]
[Round "4"]
[White "ChainsOfFantasia"]
[Black "731291"]
[Result "0-1"]
[WhiteElo "2464"]
[BlackElo "2661"]
[TimeControl "180+1"]
[EndTime "10:38:56 PDT"]
[Termination "731291 won by resignation"]

1. c4 e5 2. g3 d6 3. Nc3 Be7 4. d4 exd4 5. Qxd4 Nc6 6. Qd2 a5 7. b3 a4 8. Nxa4 d5 9. Bb2 Nf6 10. cxd5 Rxa4 11. dxc6 Bb4 12. Bc3 Qxd2+ 13. Bxd2 Bxd2+ 14.
Kxd2 Rd4+ 15. Kc3 Rd6 16. Bg2 bxc6 17. e4 Ng4 18. Nh3 Ke7 19. Rad1 Rhd8 20. Rxd6 Rxd6 21. a4 Ba6 22. b4 Rd3+ 23. Kc2 Ra3 24. a5 c5 25.
bxc5 Rxa5 26. Kd2 Ra2+ 27. Kc3 Nxf2 28. Nxf2 Rxf2 29. Bh3 Kf6 30. Kd4 Rd2+ 31. Kc3 Ra2 32. Bd7 Ke5 33. Rf1 Bxf1 0-1

[Event "*** SCC Grand Prix: Titled Tuesday Blitz"]
[Site "Chess.com"]
[Date "2020.07.14"]
[Round "4"]
[White "Gusarov91"]
[Black "Cocaino74"]
[Result "1-0"]
[WhiteElo "2631"]
[BlackElo "2333"]
[TimeControl "180+1"]
[EndTime "10:38:56 PDT"]
[Termination "Gusarov91 won by checkmate"]

1. d4 d5 2. Nf3 c5 3. c4 dxc4 4. e3 cxd4 5. Bxc4 Nc6 6. exd4 Nf6 7. d5 Na5 8. Qa4+ Bd7 9. Bb5 b6 10. Nc3 g6 11. Ne5 Bg7 12. Bg5 Bxb5 13. Qxb5+ Nd7 14.
Nc6 Qc7 15. O-O h6 16. Bxe7 Nxc6 17. dxc6 Ne5 18. Rfe1 a6 19. Nd5 Qxe7 20. Qxb6 Qd6 21. Nc7+ Ke7 22. Nxa8 Rxa8 23. Qb7+ Ke6 24. Qxa8 Kf5 25. Rad1 Kg4 26. h3+ Kf4 27. c7 Qb6 28. Qe4+ Kg5 29. c8=Q f5 30. Qxe5 Bxe5 31. Rxe5 Kf4 32.
Re3 Qxe3 33. fxe3+ Kg3 34. Qc7+ f4 35. Qxf4# 1-0

[Event "*** SCC Grand Prix: Titled Tuesday Blitz"]
[Site "Chess.com"]
[Date "2020.07.14"]
[Round "4"]
[White "Anton_Demchenko"]
[Black "Ceejay271"]
[Result "1-0"]
[WhiteElo "2814"]
[BlackElo "2340"]
[TimeControl "180+1"]
[EndTime "10:38:57 PDT"]
[Termination "Anton_Demchenko won on time"]

1. d4 Nf6 2. Nf3 d5 3. Bf4 e6 4. e3 Bd6 5. Ne5 O-O 6. Nd2 c5 7. c3 b6 8. h4 Qc7 9. h5 Nfd7 10.
h6 g6 11. Nxd7 Nxd7 12. Bxd6 Qxd6 13. f4 cxd4 14. cxd4 Bb7 15. Bd3 Rac8 16. a3 Nf6 17.
Nf3 Ne4 18. O-O f6 19. Qa4 a6 20. Rac1 Rfd8 21. Qb4 Qxb4 22. axb4 a5 23. bxa5 bxa5 24. Ra1 Ra8 25. Rfc1 Nd6 26. g4 Nc4 27. b3 Nxe3 28.
Rc7 Ba6 29. Bxa6 Rxa6 30. g5 fxg5 31. Rg7+ Kf8 32. Nxg5 Nf5 33. Rxh7 Rda8 34. Rc1 1-0

[Event "*** SCC Grand Prix: Titled Tuesday Blitz"]
[Site "Chess.com"]
[Date "2020.07.14"]
[Round "4"]
[White "Djager97"]
[Black "Josip_buje"]
[Result "1-0"]
[WhiteElo "2447"]
[BlackElo "2284"]
[TimeControl "180+1"]
[EndTime "10:38:57 PDT"]
[Termination "Djager97 won by resignation"]

1. e4 Nf6 2. e5 Nd5 3. d4 d6 4. Nf3 Bg4 5. Be2 e6 6. c4 Nb6 7. h3 Bh5 8. Nc3 Be7 9. exd6 cxd6 10. a4 O-O 11. a5 N6d7 12. Qb3 Qc8 13. O-O Nc6 14.
Be3 a6 15. Rfc1 Qc7 16. d5 Bxf3 17. Bxf3 Nce5 18. Be2 Ng6 19. dxe6 fxe6 20. c5 Nxc5 21. Bxc5 dxc5 22. Qxe6+ Kh8 23. Nd5 Qd6 24. Qxd6 Bxd6 25. Nb6 Rad8 26. Nc4 Bf4 27. Rd1 Ne5 28. Nd6 Nc6 29.
Nxb7 Rb8 30. Nxc5 Rxb2 31. Bf3 Ne5 32. Nxa6 Nxf3+ 33. gxf3 h6 34. Nc5 Rc8 35. a6 Rbb8 36. Nd7 1-0

[Event "*** SCC Grand Prix: Titled Tuesday Blitz"]
[Site "Chess.com"]
[Date "2020.07.14"]
[Round "4"]
[White "NMZanette"]
[Black "korkmaz16"]
[Result "0-1"]
[WhiteElo "2123"]
[BlackElo "2318"]
[TimeControl "180+1"]
[EndTime "10:38:57 PDT"]
[Termination "korkmaz16 won by resignation"]

1. e4 e6 2. d4 d5 3. Nd2 Nf6 4. e5 Nfd7 5. Ndf3 c5 6. c3 Nc6 7. Bd3 Qb6 8. Ne2 cxd4 9. cxd4 f6 10. exf6 Nxf6 11. O-O Bd6 12. Bf4 Bxf4 13. Nxf4 O-O 14.
Qd2 Ne4 15. Bxe4 dxe4 16. Ng5 Qxd4 17. Qxd4 Nxd4 18. Rad1 e5 19. Nd5 Bg4 20. Rd2 Rad8 21. Ne3 Ne2+ 22. Rxe2 Bxe2 23. Re1 Rd2 24. Nxe4 Rxb2 25.
Nc3 Bd3 26. f3 b5 27. Rd1 Be2 28. Rd7 Rc8 29. Nxe2 Rxe2 30. Nf1 Rc1 0-1

[Event "*** SCC Grand Prix: Titled Tuesday Blitz"]
[Site "Chess.com"]
[Date "2020.07.14"]
[Round "4"]
[White "DaggiGretarsson"]
[Black "2900tactinhos"]
[Result "0-1"]
[WhiteElo "2591"]
[BlackElo "2427"]
[TimeControl "180+1"]
[EndTime "10:38:58 PDT"]
[Termination "2900tactinhos won by checkmate"]

1. d4 Nf6 2. c4 e6 3. Nc3 Bb4 4. Qc2 O-O 5. e4 Bxc3+ 6. bxc3 d6 7.
Bd3 e5 8. Ne2 c5 9. O-O Nc6 10.
f4 exd4 11. cxd4 Nb4 12. Qd2 Nxd3 13. Qxd3 Re8 14. dxc5 Nxe4 15. cxd6 Qxd6 16. Nd4 Nc5 17. Qc3 Ne4 18. Qb2 Qb6 19. Qxb6 axb6 20. Nb5 Rd8 21. Be3 Nc5 22. Nc7 Ra3 23. Rfd1 Rf8 24. Nd5 Be6 25.
Bf2 Bxd5 26. cxd5 Rd8 27. Rab1 Rxa2 28. Rxb6 Ne4 29. Bh4 Rxd5 30. Re1 f5 31. g4 Rdd2 32.
Bg3 Rg2+ 33. Kf1 Nxg3+ 34. hxg3 Raf2# 0-1

[Event "*** SCC Grand Prix: Titled Tuesday Blitz"]
[Site "Chess.com"]
[Date "2020.07.14"]
[Round "4"]
[White "FedaMaster"]
[Black "GjakanTati"]
[Result "1-0"]
[WhiteElo "2370"]
[BlackElo "2571"]
[TimeControl "180+1"]
[EndTime "10:39:01 PDT"]
[Termination "FedaMaster won by resignation"]

1. e4 e5 2. Nf3 Nc6 3. Bb5 Nf6 4. Bxc6 dxc6 5. Nc3 Bd6 6. d4 exd4 7. Qxd4 Be7 8. Qxd8+ Bxd8 9. Bg5 h6 10. Bh4 O-O 11. O-O-O Bg4 12. Rd3 Nd7 13. Bxd8 Raxd8 14. Rhd1 c5 15. Nd5 Kh7 16. Nxc7 c4 17. Rd4 c3 18. bxc3 f6 19.
h3 Bxf3 20. gxf3 Rf7 21. Nb5 a6 22. Nd6 Re7 23. Nxb7 Rb8 24. Rxd7 Rxb7 25. Rxe7 Rxe7 26. c4 Rc7 27. Rd4 Kg6 28. Kd2 Kg5 29. Ke3 Kh4 30.
f4 Kxh3 31. e5 f5 32. Kf3 h5 33. e6 Re7 34. Rd1 Kh2 35. Re1 h4 36. c5 h3 37. c6 g6 38. c7 Rxc7 39. e7 Rc3+ 40. Re3 Rxe3+ 41. fxe3 Kg1 42. e8=Q h2 43. Qh8 h1=Q+ 44.
Qxh1+ Kxh1 45. c4 Kg1 46. c5 Kf1 47. c6 Ke1 48. c7 1-0

[Event "*** SCC Grand Prix: Titled Tuesday Blitz"]
[Site "Chess.com"]
[Date "2020.07.14"]
[Round "4"]
[White "Nathan_Filgueiras"]
[Black "Quiet_Desperation"]
[Result "1-0"]
[WhiteElo "2415"]
[BlackElo "2230"]
[TimeControl "180+1"]
[EndTime "10:39:01 PDT"]
[Termination "Nathan_Filgueiras won by resignation"]

1. e4 e6 2. f4 d5 3. exd5 exd5 4.
Nf3 Nf6 5. d4 Bg4 6. Bd3 Bd6 7.
O-O Bxf3 8. Qxf3 O-O 9. Bd2 Nc6 10. c3 Re8 11. Na3 Bxa3 12. bxa3 Qd6 13. Rab1 Rab8 14. a4 Qa3 15. Bb5 Ne4 16. Rfd1 Qxa2 17. Be1 a6 18.
Ra1 Qb2 19. Rdb1 Qc2 20. Bd3 Nxd4 21. Bxc2 Nxc2 22. Ra2 Nxe1 23. Rxe1 b5 24. axb5 axb5 25. Rd1 c6 26. Ra7 b4 27. cxb4 Rxb4 28. Rc1 c5 29. h4 Rb2 30. Qg4 Nf6 31. Qf5 h6 32. Rxc5 h5 33. Rc8 Rb1+ 34. Qxb1 1-0

[Event "*** SCC Grand Prix: Titled Tuesday Blitz"]
[Site "Chess.com"]
[Date "2020.07.14"]
[Round "4"]
[White "2008king"]
[Black "QueenOfTactics90"]
[Result "1-0"]
[WhiteElo "2239"]
[BlackElo "2001"]
[TimeControl "180+1"]
[EndTime "10:39:02 PDT"]
[Termination "2008king won by resignation"]

1. e4 c5 2. Nf3 Nc6 3. d4 cxd4 4.
Nxd4 g6 5. Nc3 Bg7 6. Be3 Nf6 7. Bc4 O-O 8. Bb3 a5 9. a4 d5 10. exd5 Nb4 11. Ndb5 Bf5 12. O-O Ng4 13. Bd4 Rc8 14.
Bxg7 Kxg7 15. Qd4+ f6 16. h3 Ne5 17. f4 Nf7 18. Rac1 Nd6 19. Nxd6 Qxd6 20. Rfe1 Rfe8 21. Nb5 Qc5 22. Qxc5 Rxc5 23. d6 e5 24. fxe5 Rcxe5 25. Rxe5 Rxe5 26. c3 Nd3 27. Rd1 Nc5 28. Bc4 Bd7 29. b3 Ne4 30. Rd5 Rxd5 31. Bxd5 Bxb5 32. Bxe4 Bd7 33. Bxb7 Kf7 34. c4 Ke6 35. c5 Be8 36. Bf3 Kd7 37. Be2 Bf7 38. Bb5+ Kd8 39. Bc4 Be8 40. Kf1 Bc6 41. g4 Kc8 42. Ke2 f5 43.
gxf5 gxf5 44. Ke3 h6 45. Kf4 Be4 46. Be6+ Kb7 47. Bxf5 Bd5 48. Be4 Bxe4 49. Kxe4 Kc6 50. Ke5 1-0

[Event "*** SCC Grand Prix: Titled Tuesday Blitz"]
[Site "Chess.com"]
[Date "2020.07.14"]
[Round "4"]
[White "DrVitman"]
[Black "Gandrade2"]
[Result "1-0"]
[WhiteElo "2503"]
[BlackElo "2113"]
[TimeControl "180+1"]
[EndTime "10:39:02 PDT"]
[Termination "DrVitman won on time"]

1. e4 c5 2. Nc3 g6 3. d4 cxd4 4. Qxd4 Nf6 5. Nf3 Nc6 6. Qa4 d6 7. e5 dxe5 8. Nxe5 Bd7 9. Nxd7 Nxd7 10. Bb5 Bg7 11. Ne2 O-O 12. Bxc6 bxc6 13. c3 Qb6 14. O-O Nc5 15. Qc4 Ne6 16. b3 Qb5 17. Qe4 a5 18. c4 Qa6 19. Rb1 Rfd8 20. Bb2 Nc5 21. Qe3 Ne6 22. Bxg7 Kxg7 23. Nc3 Rd7 24. Rfd1 Rad8 25.
Rd2 Rxd2 26. Ne4 R2d7 27. Re1 Qa7 28. Qc3+ Kg8 29. h3 Qd4 30. Qc2 Qd3 31. Qc1 Nd4 32.
Ng3 1-0